 Dungeon Crawl Stone Soup version 0.29.1-12-g30fa7ad0bf (webtiles) character file.

Game seed: 647290509238618600

261832 sanboga the Axe Maniac (level 19, -3/289 HPs)
             Began as a Minotaur Berserker on Jan 11, 2023.
             Was the Champion of Trog.
             Slain by a dire elephant (20 damage)
             ... on level 1 of the Vaults.
             The game lasted 00:47:58 (35804 turns).

sanboga the Axe Maniac (Minotaur Berserker)        Turns: 35804, Time: 00:47:58

Health: -3/289     AC: 32    Str: 28    XL:     19   Next: 21%
Magic:  18/18      EV: 18    Int:  4    God:    Trog [******]
Gold:   1499       SH:  0    Dex: 15    Spells: 18/18 levels left

rFire   . . .      SeeInvis +   a - +9 executioner's axe (vorpal)
rCold   + . .      Faith    .   (shield currently unavailable)
rNeg    + . .      Spirit   .   H - +2 plate armour {rC+}
rPois   .          Reflect  .   L - +0 hat {Will+}
rElec   .          Harm     .   G - +1 cloak of Starlight {*Dazzle EV+4 Stlth--}
rCorr   .          Rampage  .   E - +1 pair of gloves of Odwaessa {rN+ Dex+3}
Will    ++...                   B - +2 pair of boots
Stlth   ..........              C - amulet of regeneration
HPRegen 1.38/turn               i - ring of see invisible
MPRegen 0.16/turn               y - +4 ring of evasion

@: berserking, studying 2 skills, very quick
A: horns 2, retaliatory headbutt
}: 2/15 runes: decaying, serpentine
a: Renounce Religion, Berserk, Trog's Hand, Brothers in Arms


You were on level 1 of the Vaults.
You worshipped Trog.
Trog was exalted by your worship.
You visited 6 branches of the dungeon, and saw 31 of its levels.
You also visited: Bailey and Gauntlet.

You collected 3529 gold pieces.
You spent 2030 gold pieces at shops.

Inventory:

Hand Weapons
 a - a +9 vorpal executioner's axe (weapon)
 b - a +9 executioner's axe of freezing
Armour
 B - a +2 pair of boots (worn)
 E - the +1 pair of gloves of Odwaessa (worn) {rN+ Dex+3}
   (You found it in a bailey)

   Dex:       It affects your dexterity (+3).
   rN:        It protects you from negative energy.
 G - the +1 cloak of Starlight (worn) {*Dazzle EV+4 Stlth--}
   (You found it in a Gauntlet)

   It may blind those who miss an attack against the wearer in melee combat.
   EV:        It affects your evasion (+4).
   Stlth:     It makes you much less stealthy.
 H - a +2 plate armour of cold resistance (worn)
 L - a +0 hat of willpower (worn)
Jewellery
 i - a ring of see invisible (left hand)
 v - a ring of fire
 y - a +4 ring of evasion (right hand)
 C - an amulet of regeneration (around neck)
 J - a ring of protection from cold
Wands
 h - a wand of roots (62)
 k - a wand of charming (15)
 n - a wand of acid (18)
 r - a wand of flame (63)
 s - a wand of mindburst (48)
 w - a wand of polymorph (10)
Scrolls
 j - 4 scrolls of fear
 l - 15 scrolls of teleportation
 z - 5 scrolls of magic mapping
 A - 3 scrolls of summoning
 D - 6 scrolls of enchant armour
 F - 3 scrolls of fog
 I - 2 scrolls of blinking
Potions
 c - 6 potions of might
 d - 2 potions of resistance
 e - 2 potions of invisibility
 f - 7 potions of flight
 g - 3 potions of berserk rage
 m - 4 potions of mutation
 o - 12 potions of heal wounds
 p - 4 potions of haste
 u - 7 potions of ambrosia
 x - 3 potions of cancellation
 M - 15 potions of curing


   Skills:
 + Level 22.6 Fighting
 O Level 27 Axes
 + Level 22.3 Armour
 - Level 2.1 Dodging
 - Level 2.5 Shields


You had 18 spell levels left.
You didn't know any spells.
Your spell library was empty.

Dungeon Overview and Level Annotations

Branches:
Dungeon (15/15)            Temple (0/1) D:4            Lair (5/5) D:9
  Swamp (4/4) Lair:3        Snake (4/4) Lair:3        Slime (0/5) Lair:5
    Orc (2/2) D:9             Elf (0/3) Orc:2        Vaults (1/5) D:13
 Depths (0/4) D:15         Bailey (visited)         Gauntlet (visited)

Altars:
Cheibriados
Dithmenos
Elyvilon
Fedhas
Makhleb
Qazlal
Ru
Sif Muna
Vehumet
Xom
Yredelemnul
The Shining One
Jiyva

Shops:
D:4 !   D:14 [   Orc:2 (*:*   Snake:2 (   Snake:4 !   Vaults:1 [


Innate Abilities, Weirdness & Mutations

You have a pair of horns on your head.
You reflexively headbutt those who attack you in melee.


Message History

The dire elephant trunk-slaps you but does no damage.
A red film seems to cover your vision as you go berserk!
You feel yourself moving faster!
You feel mighty! The dire elephant closely misses you. You furiously retaliate!
You headbutt the dire elephant!!
The dire elephant trunk-slaps you but does no damage.
The dire elephant tramples you but does no damage.
The dire elephant trunk-slaps you.
* * * LOW HITPOINT WARNING * * *
You cut the dire elephant into ribbons!!!
You kill the dire elephant!
Trog accepts your kill.
You barely miss the dire elephant.
The dire elephant tramples you but does no damage.
The dire elephant closely misses you. The dire elephant misses you.
You furiously retaliate!
You headbutt the dire elephant. The dire elephant closely misses you.
The dire elephant barely misses you.
The dire elephant is temporarily struck blind!
The dire elephant closely misses you.
You see here a dire elephant corpse.
You slash the dire elephant! You headbutt the dire elephant!
The dire elephant is moderately wounded.
You barely miss the dire elephant. You hit the dire elephant.
The dire elephant tramples you but does no damage.
The dire elephant completely misses you.
The dire elephant barely misses you.
The dire elephant trunk-slaps you but does no damage.
The dire elephant tramples you but does no damage.
The dire elephant closely misses you.
You slice the dire elephant!! You headbutt the dire elephant!!
The dire elephant is severely wounded.
You slice the dire elephant!! x2
You hit the dire elephant. You headbutt the dire elephant!
The dire elephant is severely wounded.
You slice the dire elephant!! You completely miss the dire elephant.
The dire elephant tramples you!
* * * LOW HITPOINT WARNING * * *
You hold your ground!
The dire elephant closely misses you. The dire elephant tramples you!!
You die...

,,,,,,,,* ♣.∩.♣.)'......#
,,,,,,,,* #.♣....#......#
,,,,,,,,* #......########
,,,,,,,,* #......#
,,,,,,,,*###########''######**
*****,,,*....?...#..))......,*
,,,,*,,,*........#..........,*
,,,,*,,,*.......Y'..........,*
,,,,*,,,*...>..Y@#..........,*
,,,,*,,,*.......Y#....).....,****
,,,,*,,,*........#..#######.,*,,,
,,,,*,,,*........#.=#,,,,,*,,*,,,
*****,,,*........+..#,,,,,+,,+,,,
,,,,,,,,+........#..#,,,,,*,,*,,,
,,,,,,,,*........#..#,,,,,*,,*,,,
,,,,,,,,*........#,,*,,,,,*,,*,,,
,,,,,,,,*,,,,,,,,****+********,,,


You could see 3 dire elephants.

Vanquished Creatures
  Nikola (Swamp:1)
  Jorgrun (Snake:2)
  The ghost of FireHeadGirl the Fighter, an adept DgAM (Swamp:1)
  2 thorn hunters
  Frances (D:13)
  The ghost of croobank the Fighter, an adept DsDe of Gozag (Snake:4)
  Roxanne (Swamp:2)
  Donald (Snake:2)
  7 nagarajas
  A vault warden (Vaults:1)
  3 ghouls (Swamp:1)
  2 ironbound preservers (Vaults:1)
  The ghost of Diklut the Bludgeoner, a journeyman HuFi of Zin (Lair:5)
  4 very ugly things (Vaults:1)
  An ironbound thunderhulk (Vaults:1)
  5 bunyips
  2 eleionomae
  Azrael (D:14)
  A minotaur (Gauntlet)
  2 dire elephants
  Josephine (Orc:1)
  The ghost of tkbsonic5 the Trooper, a journeyman HuWn of the Shining One (Lair:2)
  A shambling mangrove (Swamp:4)
  6 boulder beetles
  Harold (Orc:1)
  3 salamander tyrants (Snake:4)
  3 ghost crabs
  2 vault guards (Vaults:1)
  3 catoblepae
  22 hydras
  An ogre mage (D:15)
  11 naga warriors
  2 centaur warriors
  A tengu warrior (Gauntlet)
  4 anacondas
  11 death yaks
  7 two-headed ogres
  7 alligators
  A deep troll shaman (Lair:5)
  7 naga sharpshooters
  Urug (D:13)
  Nergalle (D:10)
  11 shock serpents
  A spectral death yak (Lair:2)
  6 salamander mystics
  A fire crab (Gauntlet)
  A death drake (Gauntlet)
  Amaemon (Lair:2)
  A goliath frog (Swamp:2)
  3 spriggan druids
  5 skeletal warriors (D:15)
  2 sea snakes (Snake:3)
  6 naga ritualists
  11 swamp dragons
  3 deep trolls (Vaults:1)
  9 lindwurms
  A wizard (D:13)
  5 orc knights
  A wolf spider (D:15)
  4 bog bodies
  5 cyclopes
  An oklob plant (Lair:4)
  4 deep elf pyromancers
  12 mana vipers
  2 manticores
  3 will-o-the-wisps
  An orc sorcerer (Orc:1)
  3 ugly things
  14 salamanders
  Maurice (D:8)
  15 elephants
  46 black mambas
  A centaur zombie (Gauntlet)
  3 guardian serpents
  23 naga magi
  A cane toad (shapeshifter) (D:13)
  An orange demon (Lair:2)
  2 gargoyles
  A torpor snail (Lair:1)
  Maggie (D:10)
  10 cane toads
  An unseen horror (D:11)
  A rime drake (shapeshifter) (D:14)
  4 komodo dragons
  3 rime drakes
  A redback zombie (Gauntlet)
  An ice devil (D:8)
  A freezing wraith (D:14)
  An efreet (D:15)
  A komodo dragon (shapeshifter) (D:14)
  A kobold demonologist (D:10)
  2 tengu conjurers (Gauntlet)
  A merfolk (D:15)
  6 meliai
  A queen bee (D:12)
  10 tyrant leeches
  7 trolls
  4 polar bears
  17 blink frogs
  13 slime creatures
  3 hornets
  4 dream sheep (Lair:5)
  A jumping spider (shapeshifter) (D:13)
  2 shadows
  A spriggan (shapeshifter) (D:14)
  5 spriggans
  30 yaks
  4 fire bats (Gauntlet)
  A human (D:3)
  4 wyverns
  6 wraiths
  A spectral komodo dragon (Lair:2)
  A catoblepas simulacrum (Lair:2)
  4 fire elementals
  15 vampire mosquitoes
  5 basilisks
  A death yak simulacrum (Lair:2)
  A steam dragon (D:8)
  12 swamp worms
  2 acid dragons
  2 wargs (Orc:1)
  47 nagas
  19 water moccasins
  A hell hound (D:14)
  A spectral cane toad (Lair:2)
  A spectral hornet (Gauntlet)
  Duvessa (D:4)
  3 black bears
  11 swamp drakes
  2 ice beasts (D:7)
  38 orc warriors
  3 sky beasts (D:7)
  13 wolves
  12 ogres
  9 centaurs
  A phantom (D:6)
  2 kobold brigands
  9 bullfrogs
  3 gnoll sergeants (D:9)
  2 necrophages
  7 earth elementals (D:12)
  4 scorpions
  Dowan (D:4)
  3 wights (D:7)
  29 killer bees
  8 howler monkeys
  An electric eel (D:8)
  A jelly (D:4)
  2 hounds (D:5)
  A komodo dragon simulacrum (Lair:2)
  A gnoll bouda (D:6)
  6 orc priests
  Jessica (D:2)
  4 iguanas
  Natasha (thrice) (D:2)
  Terence (D:2)
  6 hell rats (Lair:3)
  19 orc wizards
  3 adders
  21 gnolls
  3 river rats (D:9)
  A shadow imp (D:6)
  2 white imps (D:8)
  2 worms
  A dart slug (D:3)
  75 orcs
  6 ball pythons
  3 bats
  6 endoplasms
  A giant cockroach (D:1)
  8 goblins
  4 hobgoblins
  2 jackals (D:1)
  3 quokkas
  4 frilled lizards
  13 kobolds
  A kobold skeleton (D:3)
  8 rats
982 creatures vanquished.

Vanquished Creatures (others)
  A spriggan druid (Swamp:1)
  A black mamba (Snake:4)
  2 bloated husks
  A steam dragon (D:8)
  3 vampire mosquitoes (Swamp:2)
  An orc wizard (Orc:2)
  7 foxfires
  24 fungi
  49 plants
89 creatures vanquished.

Grand Total: 1071 creatures vanquished

Notes
Turn   | Place    | Note
-------+----------+-------------------------------------------
     0 | D:1      | sanboga the Minotaur Berserker began the quest for the Orb.
     0 | D:1      | Reached XP level 1. HP: 19/19 MP: 0/0
    40 | D:1      | You fall into a shaft and drop 1 floor!
   378 | D:1      | Found a faded altar of an unknown god.
   486 | D:1      | Reached skill level 4 in Axes
   486 | D:1      | Reached XP level 2. HP: 22/27 MP: 1/1
  1154 | D:2      | Noticed Jessica
  1160 | D:2      | Killed Jessica
  1161 | D:2      | Reached XP level 3. HP: 14/33 MP: 2/2
  1569 | D:2      | Noticed Natasha
  1574 | D:2      | Killed Natasha
  1575 | D:2      | Reached skill level 5 in Axes
  1575 | D:2      | Reached XP level 4. HP: 25/41 MP: 3/3
  1885 | D:2      | Noticed Natasha
  1891 | D:2      | Killed Natasha
  1892 | D:2      | Reached skill level 1 in Shields
  2029 | D:2      | Identified the +6 spear of the Skies Above {flame, Dex+4}
  2030 | D:2      | Noticed Terence
  2045 | D:2      | Killed Terence
  2168 | D:2      | Noticed Natasha
  2180 | D:2      | Killed Natasha
  2181 | D:2      | Reached XP level 5. HP: 37/47 MP: 4/4
  2613 | D:3      | Noticed a human
  2613 | D:3      | Found a runed translucent door.
  2623 | D:3      | Found a basalt altar of Yredelemnul.
  2636 | D:3      | Killed a human
  2637 | D:3      | Reached skill level 5 in Fighting
  2637 | D:3      | Reached skill level 6 in Axes
  2637 | D:3      | Reached XP level 6. HP: 43/56 MP: 5/5
  2899 | D:3      | Reached ** piety under Trog
  3689 | D:3      | Found a glowing golden altar of the Shining One.
  4009 | D:4      | Found a burning altar of Makhleb.
  4049 | D:4      | Identified the amulet "Ihuon" {Acrobat rPois rN+}
  4102 | D:4      | Found a staircase to the Ecumenical Temple.
  4155 | D:4      | Noticed Duvessa
  4157 | D:4      | Noticed Dowan
  4160 | D:4      | Reached XP level 7. HP: 61/61 MP: 6/6
  4164 | D:4      | Killed Duvessa
  4165 | D:4      | Reached skill level 7 in Axes
  4165 | D:4      | Reached skill level 5 in Armour
  4171 | D:4      | Killed Dowan
  4425 | D:4      | Found Ilaz's Distillery.
  4428 | D:4      | Bought a potion of might for 52 gold pieces
  4751 | D:5      | Entered Level 5 of the Dungeon
  4879 | D:5      | Reached skill level 8 in Axes
  5104 | D:5      | Reached XP level 8. HP: 71/71 MP: 7/7
  5247 | D:5      | Reached skill level 9 in Axes
  6023 | D:6      | Reached *** piety under Trog
  6582 | D:6      | Found a stormy altar of Qazlal.
  6704 | D:6      | Identified a scroll of acquirement
  6704 | D:6      | Acquired a manual of Axes
  6774 | D:7      | Reached skill level 10 in Axes
  7089 | D:7      | Found a blossoming altar of Fedhas.
  7133 | D:7      | Reached XP level 9. HP: 32/80 MP: 8/8
  7434 | D:7      | Reached skill level 11 in Axes
  7466 | D:7      | Reached skill level 12 in Axes
  7695 | D:7      | Reached skill level 13 in Axes
  7752 | D:7      | Reached **** piety under Trog
  7855 | D:8      | Noticed Maurice
  7876 | D:8      | Killed Maurice
  7877 | D:8      | Reached skill level 14 in Axes
  8170 | D:8      | Reached XP level 10. HP: 83/91 MP: 9/9
  8175 | D:8      | Reached skill level 15 in Axes
  8617 | D:8      | Reached skill level 10 in Fighting
  8617 | D:8      | Reached skill level 16 in Axes
  8717 | D:8      | Noticed a deep elf pyromancer
  8724 | D:8      | Killed a deep elf pyromancer
  8868 | D:8      | Noticed a gargoyle
  8881 | D:8      | HP: 5/139 [ice devil (13)]
  8881 | D:8      | HP: 2/139 [gargoyle/+0 mace (3)]
  8884 | D:8      | Reached skill level 10 in Armour
  8885 | D:8      | Killed a gargoyle
  8886 | D:8      | Reached skill level 17 in Axes
  9423 | D:8      | Found a snail-covered altar of Cheibriados.
  9435 | D:8      | Found a shimmering altar of Xom.
  9443 | D:8      | Found a shadowy altar of Dithmenos.
  9464 | D:8      | Found a radiant altar of Vehumet.
  9630 | D:9      | Noticed a two-headed ogre
  9643 | D:9      | Killed a two-headed ogre
  9644 | D:9      | Reached XP level 11. HP: 101/101 MP: 10/10
  9679 | D:9      | Noticed a death yak
  9686 | D:9      | Noticed a death yak
  9691 | D:9      | Noticed a death yak
  9993 | D:8      | Killed a death yak
  9994 | D:8      | Reached skill level 18 in Axes
 10015 | D:8      | Killed a death yak
 10444 | D:9      | Killed a death yak
 10659 | D:9      | Found a staircase to the Orcish Mines.
 10686 | D:9      | Reached ***** piety under Trog
 10979 | D:9      | Found a staircase to the Lair.
 11149 | D:10     | Entered Level 10 of the Dungeon
 11168 | D:10     | Found a flagged portal.
 11185 | Bailey   | Entered a bailey
 11326 | Bailey   | Noticed an orc knight
 11366 | Bailey   | Killed an orc knight
 11586 | Bailey   | Reached skill level 19 in Axes
 11668 | Bailey   | Found a large runed translucent door.
 11668 | Bailey   | Found a large runed translucent door.
 11669 | Bailey   | Noticed a deep elf pyromancer
 11763 | Bailey   | Killed a deep elf pyromancer
 11770 | Bailey   | Identified the amulet "Uddogaf" {rPois Regen+ Dex+3 Slay-3}
 11781 | Bailey   | Identified the +1 pair of gloves of Odwaessa {rN+ Dex+3}
 11864 | D:10     | Found a sacrificial altar of Ru.
 12480 | D:10     | Noticed Nergalle
 12488 | D:10     | Noticed Maggie
 12493 | D:10     | Killed Maggie
 12496 | D:10     | Killed Nergalle
 13700 | D:11     | Noticed an eight-headed hydra
 13707 | D:11     | Killed a ten-headed hydra
 14240 | D:12     | Noticed a boulder beetle
 14248 | D:12     | Killed a boulder beetle
 14249 | D:12     | Reached XP level 12. HP: 113/113 MP: 11/11
 14405 | D:12     | Identified the +5 short sword of the Bashing Gods {vorpal,
                  | rPois rC- rN+ Dex+2}
 14457 | D:12     | Noticed a two-headed ogre
 14462 | D:12     | Killed a two-headed ogre
 14515 | D:12     | Noticed a two-headed ogre
 14519 | D:12     | Killed a two-headed ogre
 14526 | D:12     | Reached skill level 20 in Axes
 15054 | D:12     | Noticed a seven-headed hydra
 15165 | D:12     | Killed a 13-headed hydra
 15507 | D:12     | Noticed a catoblepas
 15517 | D:12     | Received a gift from Trog
 15521 | D:12     | Killed a catoblepas
 15852 | D:12     | Reached skill level 15 in Fighting
 15852 | D:12     | Reached XP level 13. HP: 127/127 MP: 12/12
 15883 | D:13     | Found a gate leading to a gauntlet.
 15892 | Gauntlet | Entered a Gauntlet
 15892 | Gauntlet | Found a transporter.
 15899 | Gauntlet | Found a transporter.
 15901 | Gauntlet | Found a transporter.
 15918 | Gauntlet | Found a transporter.
 15920 | Gauntlet | Found a transporter.
 15931 | Gauntlet | Found a transporter.
 15947 | Gauntlet | Found a transporter.
 15956 | Gauntlet | Found the +1 cloak of Starlight {*Dazzle EV+4 Stlth--}
 15957 | Gauntlet | Found a transporter.
 15967 | Gauntlet | Found a transporter.
 15982 | Gauntlet | Found a transporter.
 16011 | Gauntlet | Found a transporter.
 16013 | Gauntlet | Found a transporter.
 16037 | Gauntlet | Found a transporter.
 16052 | Gauntlet | Found a transporter.
 16180 | Gauntlet | Identified the +1 pair of boots "Duijemug" {Dex+3}
 16200 | Gauntlet | Reached skill level 21 in Axes
 16260 | Gauntlet | Noticed a minotaur
 16282 | Gauntlet | Killed a minotaur
 16304 | Gauntlet | Identified the +1 pair of gloves of Akusog {rC- rN+ Str+4
                  | Int+7}
 16703 | D:13     | Reached XP level 14. HP: 136/136 MP: 13/13
 16862 | D:13     | Noticed Urug
 16870 | D:13     | Killed Urug
 17138 | D:13     | Found a gate to the Vaults.
 17494 | D:13     | Noticed Frances
 17503 | D:13     | Killed Frances
 17634 | D:14     | Reached skill level 22 in Axes
 17724 | D:14     | Found Giazaxuc's Armour Shop.
 17913 | D:14     | Noticed Azrael
 17929 | D:14     | Killed Azrael
 18179 | D:15     | Entered Level 15 of the Dungeon
 18193 | D:15     | Found a shadowy altar of Dithmenos.
 18748 | D:15     | Reached skill level 15 in Armour
 18828 | D:15     | Found a staircase to the Depths.
 19117 | D:15     | Reached XP level 15. HP: 147/147 MP: 14/14
 19344 | Lair:1   | Entered Level 1 of the Lair of Beasts
 19425 | Lair:1   | Reached skill level 23 in Axes
 19475 | Lair:1   | Found a white marble altar of Elyvilon.
 19811 | Lair:1   | Received a gift from Trog
 20445 | Lair:2   | Noticed Amaemon
 20452 | Lair:2   | Reached XP level 16. HP: 132/155 MP: 15/15
 20454 | Lair:2   | Killed Amaemon
 20557 | Lair:2   | Found a runed translucent gate.
 20557 | Lair:2   | Found a runed translucent gate.
 20559 | Lair:2   | Found a runed translucent gate.
 20562 | Lair:2   | Noticed tkbsonic5's ghost (journeyman HuWn)
 20959 | Lair:2   | Killed tkbsonic5's ghost
 21427 | Lair:3   | Found a staircase to the Snake Pit.
 21514 | Lair:3   | Reached ****** piety under Trog
 21606 | Lair:3   | Received a gift from Trog
 22023 | Lair:3   | Found a staircase to the Swamp.
 22188 | Snake:1  | Entered Level 1 of the Snake Pit
 22390 | Lair:4   | Reached skill level 24 in Axes
 23051 | Lair:5   | Entered Level 5 of the Lair of Beasts
 23051 | Lair:5   | Found a staircase to the Slime Pits.
 23051 | Lair:5   | Found a viscous altar of Jiyva.
 23093 | Lair:5   | Noticed Diklut's ghost (journeyman HuFi)
 23096 | Lair:5   | Found a runed translucent door.
 23690 | Lair:5   | Received a gift from Trog
 23965 | Lair:5   | Killed Diklut's ghost
 24104 | Orc:1    | Entered Level 1 of the Orcish Mines
 24118 | Orc:1    | Noticed Josephine
 24123 | Orc:1    | Killed Josephine
 24408 | Orc:2    | Entered Level 2 of the Orcish Mines
 24505 | Orc:2    | Found a staircase to the Elven Halls.
 24603 | Orc:2    | Found a radiant altar of Vehumet.
 24722 | Orc:2    | Found a shimmering blue altar of Sif Muna.
 24971 | Orc:2    | Reached skill level 25 in Axes
 24988 | Orc:2    | Found Ennug's Book Shoppe.
 24988 | Orc:2    | Found Muul Wer's General Store.
 25034 | Orc:2    | Found Nuejis's Weapon Boutique.
 25036 | Orc:2    | Found Juarphioh's General Store.
 25043 | Orc:2    | Bought the +5 lochaber axe {reach-cleave, poleaxe} for 615
                  | gold pieces
 25043 | Orc:2    | Found the +5 lochaber axe {reach-cleave, poleaxe}
 25229 | Orc:2    | Bought a manual of Dodging for 880 gold pieces
 25249 | Orc:1    | Noticed Harold
 25255 | Orc:1    | Killed Harold
 25515 | Swamp:1  | Entered Level 1 of the Swamp
 25523 | Swamp:1  | Found a runed translucent door.
 25524 | Swamp:1  | Noticed FireHeadGirl's ghost (adept DgAM)
 25565 | Swamp:1  | Killed FireHeadGirl's ghost
 25671 | Swamp:1  | Reached XP level 17. HP: 166/166 MP: 16/16
 25692 | Swamp:1  | Received a gift from Trog
 25977 | Swamp:1  | HP: 8/168 [poison (poison gas)]
 25978 | Swamp:2  | Noticed Nikola
 25981 | Swamp:2  | Identified Roxanne's Tome of the Quarry
 25981 | Swamp:2  | Noticed Roxanne
 26319 | Swamp:1  | Killed Nikola
 26864 | Swamp:2  | Killed Roxanne
 27606 | Swamp:3  | Reached skill level 26 in Axes
 28184 | Swamp:3  | Received a gift from Trog
 28487 | Swamp:4  | Entered Level 4 of the Swamp
 29107 | Swamp:4  | Got a decaying rune of Zot
 31028 | Snake:1  | You fall into a shaft and drop 1 floor!
 31031 | Snake:2  | Noticed Jorgrun
 31040 | Snake:2  | Received a gift from Trog
 31043 | Snake:2  | Reached XP level 18. HP: 175/178 MP: 12/17
 31048 | Snake:2  | Killed Jorgrun
 31325 | Snake:1  | Reached skill level 27 in Axes
 32005 | Snake:2  | Noticed Donald
 32012 | Snake:2  | Killed Donald
 32067 | Snake:2  | Found Giurgh's Weapon Emporium.
 32216 | Snake:3  | Received a gift from Trog
 33486 | Snake:4  | Entered Level 4 of the Snake Pit
 33819 | Snake:4  | Received a gift from Trog
 34102 | Snake:4  | Found Byis's Distillery.
 34205 | Snake:4  | Bought a potion of heal wounds for 105 gold pieces
 34205 | Snake:4  | Bought a potion of resistance for 210 gold pieces
 34205 | Snake:4  | Bought a potion of mutation for 168 gold pieces
 34601 | Snake:4  | Found a runed translucent door.
 34602 | Snake:4  | Noticed croobank's ghost (adept DsDe)
 34623 | Snake:4  | Killed croobank's ghost
 34689 | Snake:4  | Received a gift from Trog
 34751 | Snake:4  | Reached XP level 19. HP: 192/192 MP: 18/18
 35023 | Snake:4  | Got a serpentine rune of Zot
 35691 | Vaults:1 | Entered Level 1 of the Vaults
 35750 | Vaults:1 | Found Konahu's Antique Armour Boutique.
 35804 | Vaults:1 | Slain by a dire elephant

Illustrated notes

Levels and vault maps discovered:
D:1:      amcnicky_arrival_feature_with_door, layout_rooms,
          chequers_ecumenical_altar_simple_redux
D:2:      layout_loops_corners, serial_rivers, chequers_serial_rivers_large_a,
          chequers_serial_rivers_micro_e, chequers_serial_rivers_small_3,
          chequers_serial_rivers_small_3, serial_park_tiny_1, solitary_fountain,
          uniq_natasha, uniq_terence, uniq_jessica
D:3:      wander_river, layout_loops_cross, mainiacjoe_overflow_six_doors_small,
          dk_yredelemnul_ordeal, eino_tiny_chamber, grunt_decor_mini_mirrors,
          kennysheep_generic_room_15
D:4:      layout_cave_pods, mainiacjoe_overflow_small_starburst,
          minmay_temple_entry_trees, serial_shops, kennysheep_mini, uniq_duvessa
D:5:      layout_rooms
D:6:      hellmonk_destroyed_diamonds, layout_basic,
          lemuel_coloured_pillars_altar
D:7:      layout_cave_pools, fedhas_altar_4, hex_medium, abandoned_shop,
          chequers_serial_rivers_small_3, minmay_joined_circles
D:8:      minmay_general_purpose_star, layout_rooms,
          nicolae_overflow_quartered_altars, fungi_pond_lemuel,
          dilly_guarded_unrand_elemental_staff, uniq_maurice
D:9:      layout_basic, dpeg_lair_monsters, orc_david_3
D:10:     layout_layer_cave, nicolae_ru_awakened_eye, enter_bailey_4,
          uniq_nergalle, uniq_maggie
D:11:     layout_gridville
D:12:     layout_roguey [special_room_bee], hangedman_cracks_in_the_wall
D:13:     layout_loops_ring, david_vaults_4, gauntlet_entry_generic, uniq_urug,
          uniq_frances
D:14:     layout_cross, serial_shops, nicolae_diamond_shop, uniq_azrael
D:15:     hangedman_depths_entry_try_elsewhere_first, layout_cave_pods,
          grunt_dithmenos_smoke_and_mirrors
Lair:1:   layout_loops_ring, basic_altar
Lair:2:   layout_layer_cave, gammafunk_ghost_necromancy, uniq_amaemon
Lair:3:   layout_small_grid, palyth_hydra_swamp_entry,
          minmay_snake_entry_six_corridors, guppyfry_lair_drakes
Lair:4:   layout_regular_city
Lair:5:   grunt_lair_end_beastmaster, layout_concentric_octagons, slime_entry_1,
          hellmonk_ghost_happy_afterlife, nicolae_lair_lindhole,
          lemuel_fruit_fields, infiniplex_staircase_pool_2
Swamp:1:  layout_basic_swamp, ebering_ghost_reflecting_pool,
          hangedman_swamp_pad, swamp_pool5, infiniplex_staircase_pool
Swamp:2:  layout_basic_swamp, evilmike_swamp_ruin_rubble_1, uniq_nikola,
          uniq_roxanne
Swamp:3:  layout_basic_swamp, nicolae_swamp_feature_on_the_river_bank
Swamp:4:  swamp_alternative, layout_basic_swamp, nicolae_swamp_dense_foliage
Snake:1:  layout_chambers, serial_bayou_shore_b
Snake:2:  layout_grid_shapes, serial_shops, shop, uniq_donald, uniq_jorgrun
Snake:3:  layout_cave_pods, special_room, grunt_megastairs_2,
          serial_bayou_shore_a
Snake:4:  minmay_snake_end_coiled, layout_layer_cave, ebering_ghost_inner_flame,
          serial_shops, nicolae_diamond_shop, nicolae_snake_coiling_death
Orc:1:    layout_caves, uniq_harold, uniq_josephine
Orc:2:    st_orc_rangers, layout_caves, basic_altar, led_sif_book
Vaults:1: v_misc_9, nicolae_vaults_shelves_hall, ontoclasm_vaults_pinch,
          nicolae_vaults_shelves_hall, hangedman_vaults_stream,
          nicolae_vaults_hallways_thing, ontoclasm_vaults_ring_small,
          nicolae_vaults_asterisk, hangedman_vaults_cutoff,
          layout_vaults_omnibox, serial_shops, bzr_entry_customers,
          nicolae_shop_trees, nicolae_diamond_shop

Skill      XL: |  1  2  3  4  5  6  7  8  9 10 11 12 13 14 15 16 17 18 19 |
---------------+----------------------------------------------------------+-----
Axes           | 4 5 6 8 10 14 17 19 20 21 22 23 25 26 27 | 27.0
Fighting       | 4 5 6 7 9 10 12 15 17 18 20 22 | 22.6
Armour         | 3 4 5 7 8 10 12 13 16 18 19 21 22 | 22.3
Shields        | 1 2 |  2.5
Dodging        | |  2.1

Action                   |  1- 3 |  4- 6 |  7- 9 | 10-12 | 13-15 | 16-18 | 19-21 || total
-------------------------+-------+-------+-------+-------+-------+-------+-------++-------
Melee: Hand axe          |    47 |   121 |   295 |   158 |       |       |       ||   621
       Headbutt          |     6 |    22 |    53 |   103 |    91 |   212 |    18 ||   505
       Punch             |       |     1 |     6 |     3 |       |       |       ||    10
       Battleaxe         |       |       |       |   278 |   294 |       |       ||   572
       Executioner's axe |       |       |       |       |    71 |   903 |    67 ||  1041
       Lochaber axe      |       |       |       |       |       |   221 |       ||   221
Invok: Berserk           |       |     1 |     6 |    10 |     5 |    11 |     2 ||    35
  Use: Scroll            |       |    11 |    10 |    10 |    10 |     6 |     4 ||    51
       Potion            |       |       |       |     1 |     1 |     3 |       ||     5
 Stab: Sleeping          |     1 |       |       |       |       |       |       ||     1
       Petrifying        |       |       |       |     2 |       |       |       ||     2
       Petrified         |       |       |       |     2 |       |       |       ||     2
       Invisible         |       |       |       |       |    10 |    31 |     2 ||    43
Armor: Animal skin       |     7 |     2 |       |       |       |       |       ||     9
       Scale mail        |       |    22 |       |       |       |       |       ||    22
       Chain mail        |       |    22 |   115 |    53 |       |       |       ||   190
       Plate armour      |       |       |       |   152 |   194 |   577 |    40 ||   963
Dodge: Dodged            |    22 |    31 |   121 |   233 |   208 |   923 |    52 ||  1590
Block: Kite shield       |       |    31 |       |       |       |       |       ||    31
